 Dungeon Crawl Stone Soup version 0.31.0-9-g3a7656b989 (webtiles) character file.

Game seed: 10958852631189714596

18 qw the Shooter (level 2, 0/16 HPs)
             Began as a Deep Elf Hunter on Feb 2, 2024.
             Slain by a jackal (3 damage)
             ... on level 1 of the Dungeon.
             The game lasted 00:00:00 (184 turns).

qw the Shooter (Deep Elf Hunter)                     Turns: 184, Time: 00:00:01

Health: 0/16       AC:  3    Str:  8    XL:     2   Next: 51%
Magic:  4/4        EV: 12    Int: 13    God:
Gold:   16         SH:  0    Dex: 18    Spells: 1/1 levels left

rFire   . . .        a - +0 shortbow
rCold   . . .        (shield currently unavailable)
rNeg    . . .        c - +0 leather armour
rPois   .            (no helmet)
rElec   .            (no cloak)
rCorr   .            (no gloves)
SInv    .            (no boots)
Will    .....        (no amulet)
Stlth   ++           (no ring)
HPRegen 0.22/turn    (no ring)
MPRegen 0.09/turn

%: no passive effects
@: no status effects
A: no striking features
a: no special abilities


You were on level 1 of the Dungeon.
You visited 1 branch of the dungeon, and saw 1 of its levels.

You collected 16 gold pieces.


   Skills:
 - Level 1.5 Fighting
 + Level 6.3 Ranged Weapons
 - Level 2.4 Dodging
 - Level 1.2 Stealth


You had one spell level left.
You didn't know any spells.
Your spell library was empty.

Inventory:

Hand Weapons
 a - a +0 shortbow (weapon)
Armour
 c - a +0 leather armour (worn)
 d - a +0 helmet
Jewellery
 e - a +5 ring of evasion
Scrolls
 b - a scroll of butterflies

Dungeon Overview and Level Annotations

Branches:
Dungeon (1/15)

Altars:


Message History

The jackal barks!
The arrow hits the jackal.
You kill the jackal!
You shoot an arrow. The arrow barely misses the jackal.
A rat comes into view.
You shoot an arrow. The rat squeaks loudly.
The arrow hits the jackal but does no damage.
You shoot an arrow. The arrow misses the jackal.
You shoot an arrow. The arrow completely misses the jackal.
You shoot an arrow. The arrow hits the jackal.
The jackal is lightly wounded.
A bat comes into view.
The jackal bites you but does no damage.
The jackal bites you. The jackal closely misses you.
The jackal barely misses you.
The bat moves out of view.
You shoot an arrow.
The arrow hits the jackal but does no damage.
The jackal is lightly wounded.
The jackal barely misses you. The jackal bites you. x2
You shoot an arrow. The arrow closely misses the jackal.
The jackal closely misses you. The jackal barely misses you.
The jackal bites you.
You shoot an arrow. The arrow closely misses the jackal.
The jackal barely misses you. The jackal bites you. x2
The jackal closely misses you.
You shoot an arrow. The arrow closely misses the jackal.
The jackal closely misses you. The jackal bites you.
You shoot an arrow. The arrow hits the jackal.
The jackal is heavily wounded.
The jackal misses you. The jackal bites you.
The jackal bites you but does no damage. x2
You shoot an arrow. The arrow hits the jackal.
The jackal is almost dead.
The jackal bites you but does no damage.
The jackal bites you. The jackal misses you.
You shoot an arrow. The arrow hits the jackal.
You kill the jackal!
The jackal barely misses you. The jackal bites you.
You die...

#....##### #...........
#....#.. .............
#....#.#####............
##.###.....#.#####......
#.....#...#. ##.....
#######.### #.#.)..
#....# #.#.... #.####
..##### #..@.# . #
####h# r# .. ... ..%.
..... ......


You could see a jackal and a rat.

Vanquished Creatures
  A dart slug (D:1)
  A ball python (D:1)
  3 bats (D:1)
  An endoplasm (D:1)
  A giant cockroach (D:1)
  A goblin (D:1)
  4 jackals (D:1)
  A quokka (D:1)
  A kobold (D:1)
  A rat (D:1)
15 creatures vanquished.

Notes
Turn   | Place    | Note
-------+----------+-------------------------------------------
     0 | D:1      | qw the Deep Elf Hunter began the quest for the Orb.
     0 | D:1      | Reached XP level 1. HP: 12/12 MP: 3/3
     0 | D:1      | 0 ||| qw: Version: 0.3-a-155-g5e7d8dd
     0 | D:1      | 0 ||| qw: Game counter: 827
     0 | D:1      | 0 ||| qw: Melee chars always use a shield: true
     0 | D:1      | 0 ||| qw: God list: Okawaru
     0 | D:1      | 0 ||| qw: Allow faded altars: false
     0 | D:1      | 0 ||| qw: Do Orc after clearing Dungeon:15 true
     0 | D:1      | 0 ||| qw: Do second Lair branch before Depths: true
     0 | D:1      | 0 ||| qw: Lair rune preference: random
     0 | D:1      | 0 ||| qw: Goals: Normal
     0 | D:1      | 0 ||| PLANNING D:1-11
    97 | D:1      | Reached skill level 6 in Ranged Weapons
    97 | D:1      | Reached XP level 2. HP: 16/16 MP: 4/4
   181 | D:1      | HP: 4/16 [jackal (3)]
   184 | D:1      | Slain by a jackal

Levels and vault maps discovered:
D:1:      dpeg_arrival_pond, layout_basic, st_stairs_7,
          chequers_serial_rivers_marsh, minmay_tall_x

Skill      XL: |  1 |
---------------+----+-----
Ranged Weapons | 6 |  6.3
Fighting       | |  1.5
Dodging        | |  2.4
Stealth        | |  1.2

Action                     || total
---------------------------++-------
   Fire: Shortbow          ||    48
 Armour: Leather armour    ||    16
  Dodge: Dodged            ||    25

Table legend:
 A = Non-vault XP
 B = Vault XP
 C = Vault XP percentage of total XP
 D = Non-vault monster count
 E = Vault monster count
 F = Vault count percentage of total count
                 A         B        C        D         E       F
            +---------+---------+-------+---------+---------+-------
      Total |      23 |       6 |  20.7 |      13 |       2 |  13.3
            +---------+---------+-------+---------+---------+-------
        D:1 |      23 |       6 |  20.7 |      13 |       2 |  13.3
            +---------+---------+-------+---------+---------+-------
